 Dungeon Crawl Stone Soup version 0.23.0-2-g0fe3ce5905 (webtiles) character file.

Game seed: 13100022506360255677

343 Flugkiller the Gusty (level 6, -2/36 HPs)
             Began as a Vampire Air Elementalist on Feb 20, 2019.
             Was a Follower of Hepliaklqana.
             Killed from afar by an orc wizard (8 damage)
             ... with a magic dart
             ... on level 4 of the Dungeon.
             The game lasted 00:06:32 (3906 turns).

Flugkiller the Gusty (Vampire Air Elementalist)     Turns: 3906, Time: 00:06:33

Health: -2/36      AC:  2    Str: 12    XL:     6   Next: 31%
Magic:  10/12      EV: 12    Int: 20    God:    Hepliaklqana [*.....]
Gold:   202        SH:  0    Dex: 14    Spells: 13/14 levels left

rFire    + . .     SeeInvis +   n - staff of fire
rCold    + . .     Gourm    .   (no shield)
rNeg     + + .     Faith    .   a - +0 robe
rPois    +         Spirit   .   (no helmet)
rElec    .         Reflect  .   (no cloak)
rCorr    +         Harm     .   (no gloves)
MR       .....                  (no boots)
Stlth    +++.......             (no amulet)
HPRegen  0.06/turn              g - ring of resist corrosion
MPRegen  0.13/turn              (no ring)

@: mighty, very slightly contaminated, regenerating slowly, invisible
A: rotting body, reduced essence, fangs 3, see invisible, unbreathing
a: Bat Form, Recall Ancestor, Ancestor Identity, Renounce Religion


You were on level 4 of the Dungeon.
You worshipped Hepliaklqana.
Hepliaklqana was aware of your devotion.
You were near bloodless.

You visited 1 branch of the dungeon, and saw 4 of its levels.

You collected 202 gold pieces.

Inventory:

Armour
 a - a +0 robe (worn)
Magical Staves
 n - an uncursed staff of fire (weapon)
   (You found it on level 4 of the Dungeon)
Jewellery
 g - a ring of resist corrosion (left hand)
   (You found it on level 2 of the Dungeon)
Wands
 m - a wand of paralysis (15)
   (You found it on level 3 of the Dungeon)
 o - a wand of iceblast (10)
   (You found it on level 4 of the Dungeon)
Scrolls
 d - 3 scrolls of remove curse
 e - a scroll of fog {unknown}
 f - a scroll of enchant armour
 i - a scroll of immolation {unknown}
Potions
 c - 2 potions of haste
 h - 2 potions of flight
 q - 24 potions of blood


   Skills:
 - Level 2.1 Dodging
 - Level 3.0 Stealth
 + Level 4.5 Spellcasting
 - Level 0.6 Conjurations
 + Level 5.4 Air Magic


You had 13 spell levels left.
You knew the following spells:

 Your Spells              Type           Power        Failure   Level  Hunger
a - Shock                 Conj/Air       ###.         3%          1    None

Your spell library contained the following spells:

 Spells                   Type           Power        Failure   Level  Hunger
 Swiftness                Chrm/Air       ###.....     6%          2    #......
 Static Discharge         Conj/Air       ###.....     11%         3    ##.....
 Airstrike                Air            ####......   13%         4    ####...
 Lightning Bolt           Conj/Air       ###.......   67%         5    ######.


Dungeon Overview and Level Annotations

Branches:
Dungeon (4/15)
 Temple: D:4-7

Altars:
Fedhas
Hepliaklqana
Makhleb
Qazlal
Ru

Annotations:
D:3 exclusion: oklob plant


Innate Abilities, Weirdness & Mutations

Your body is rotting away.
You thrive on raw meat.
You heal slowly.
You have razor-sharp teeth.
You have supernaturally acute eyesight. (SInv)
You can survive without breathing.
Your life essence is reduced to manifest your ancestor. (-10% HP)


Message History

Gork barely misses the orc wizard.
The orc wizard barely misses you.
Gork hits the orc wizard.
The orc wizard casts a spell at you. The magic dart hits you!
* * * LOW HITPOINT WARNING * * *
Gork closely misses the orc wizard.
The orc wizard points at you and mumbles some strange words.
Gork appears confused.
Gork closely misses the orc wizard.
Unknown command.
You hit Gork.
Gork is lightly damaged.
The orc wizard hits Gork with a +0 dagger.
Gork misses the orc wizard.
Unknown command.
You feel almost devoid of blood! The orc wizard casts a spell at you.
The magic dart hits you!
* * * LOW HITPOINT WARNING * * *
You bump into the rock wall.
Gork closely misses the orc wizard.
Unknown command.
You bump into the rock wall.
You feel less confused.
The orc wizard hits Gork with a +0 dagger.
Gork barely misses the orc wizard.
Unknown command.
The orc wizard hits Gork but does no damage.
Unknown command.
Okay, then.
Unknown command.
Casting: Shock (safe; 3% risk of failure)
Confirm with . or Enter, or press ? or * to list all spells.
Aiming: Shock (safe; 3% risk of failure)
Press: ? - help, Shift-Dir - straight line, f - orc wizard
Aim: an orc wizard, wielding a +0 dagger and wearing a +0 robe (heavily wounded, slightly transparent)
The zap misses the orc wizard.
Okay, then.
It was a potion of might.
You feel very mighty all of a sudden.
It was a potion of berserk rage.
You feel slightly irritated. The orc wizard closely misses you.
You fade into invisibility!
The orc wizard barely misses you.
Gork completely misses the orc wizard.
You are very lightly contaminated with residual magic.
You hit the orc wizard but do no damage.
The orc wizard is heavily wounded.
Gork seems less confused.
The orc wizard casts a spell at you. The magic dart hits you!
You die...

###.......# ##..#
#...... ..# .....######
#..# ##.###.# ###
###..###### #..#.....
..# #
#..##...######..#.##.#
### #
#..##.............##.#
###.......####.....###.#
.....###### ##.R......#
###### ##o####### #@#
#.# #.# #)# #.# #)# #.#
#.# #...†.).).#


You could see the friendly Gork the ancestor and an orc wizard.

Vanquished Creatures
  A hungry ghost (D:3)
  An orc wizard (D:4)
  Jessica (D:3)
  3 adders
  A worm (D:2)
  4 dart slugs
  2 leopard geckos
  8 orcs
  6 bats
  6 giant cockroaches
  5 goblins
  8 hobgoblins
  A quokka (D:2)
  3 frilled lizards
  3 kobolds
  10 rats
63 creatures vanquished.

Vanquished Creatures (collateral kills)
  An orc wizard (D:2)
  An adder (D:3)
  A dart slug (D:2)
  3 orcs
  A goblin (D:3)
  A kobold (D:2)
  A bat (D:2)
  A plant (D:3)
10 creatures vanquished.

Vanquished Creatures (others)
  An ancestor (D:3)
  7 toadstools (D:1)
8 creatures vanquished.

Grand Total: 81 creatures vanquished

Notes
Turn   | Place    | Note
-------+----------+-------------------------------------------
     0 | D:1      | Flugkiller the Vampire Air Elementalist began the quest for
                  | the Orb.
     0 | D:1      | Reached XP level 1. HP: 13/13 MP: 3/3
   323 | D:1      | Reached XP level 2. HP: 19/19 MP: 0/5
  1038 | D:2      | Reached XP level 3. HP: 21/24 MP: 0/7
  1301 | D:2      | Found a hazy altar of Hepliaklqana.
  1315 | D:2      | Became a worshipper of Hepliaklqana the Forgotten
  2313 | D:2      | Reached skill level 4 in Air Magic
  2370 | D:2      | Found a sacrificial altar of Ru.
  2376 | D:2      | Reached XP level 4. HP: 27/27 MP: 5/9
  2728 | D:3      | Noticed a hungry ghost
  2760 | D:3      | Killed a hungry ghost
  2760 | D:3      | Reached skill level 5 in Air Magic
  2760 | D:3      | Reached XP level 5. HP: 30/31 MP: 4/11
  2813 | D:3      | Found a stormy altar of Qazlal.
  2876 | D:3      | Noticed Jessica
  2883 | D:3      | Killed Jessica
  2883 | D:3      | Reached XP level 6. HP: 36/36 MP: 7/12
  3094 | D:3      | Reached * piety under Hepliaklqana
  3097 | D:3      | Found a blossoming altar of Fedhas.
  3110 | D:3      | Noticed an oklob plant
  3207 | D:3      | Found a burning altar of Makhleb.
  3906 | D:4      | Killed from afar by an orc wizard

Skill      XL: |  1  2  3  4 |
---------------+-------------+-----
Spellcasting   | 3 4 |  4.5
Air Magic      | 4 5 |  5.4
Dodging        | |  2.1
Stealth        | |  3.0
Conjurations   | |  0.6

Action                   |  1- 3 |  4- 6 || total
-------------------------+-------+-------++-------
Melee: Unarmed           |     1 |       ||     1
       Staff             |       |     3 ||     3
 Cast: Shock             |    75 |    61 ||   136
Invok: Recall Ancestor   |     1 |     1 ||     2
       Ancestor Identity |     1 |       ||     1
  Use: Potion            |     2 |     6 ||     8
       Scroll            |       |     5 ||     5
Armor: Robe              |     1 |     5 ||     6
Dodge: Dodged            |    12 |    21 ||    33
